Match 41286247
Unlisted

Match 41286247
End
Construct Infanterie Kompanie
Selects Mechanized Battlegroup
Grenadier Squad
Grenadier Squad
Grenadier Squad
Construct Luftwaffe Kompanie
Flak 30 Anti-aircraft Gun Team
Jäger Squad
Support Elements
Wirbelwind Flakpanzer
Selects Mobile Repair Stations
221 Scout Car
Selects Wespe Self-propelled Artillery
Wespe Self-propelled Artillery
Marder III M Tank Destroyer
Jäger Squad
MG 42 Machine Gun Team
Luftwaffe Officer Quarters
Wespe Self-propelled Artillery
Marder III M Tank Destroyer
Construct Panzer Kompanie
Marder III M Tank Destroyer
Selects Raid Package
Selects 8 Rad Armored Car
Selects UNKNOWN (2160084)
Stoßtruppen Squad
GREATSWORD FOR THE LIFE
弓弦
Feverdream
奇多真狗
Tango
gmurraymiami305
Turtleboy
GoonLord
0
0

Comments sign in to comment!

No comments posted yet!